 Dungeon Crawl Stone Soup version 0.25.1-8-g42b30a86e7 (webtiles) character file.

Game seed: 11044855511633334036

18151 KamiKatze the Thaumaturge (level 12, -3/66 HPs)
             Began as a Deep Elf Conjurer on Dec 14, 2020.
             Was an Elder of Vehumet.
             Killed by an exploding fulminant prism (19 damage)
             ... created by the player character
             ... on level 1 of the Lair of Beasts on Dec 15, 2020.
             The game lasted 01:39:00 (13913 turns).

KamiKatze the Thaumaturge (Deep Elf Conjurer)      Turns: 13913, Time: 01:39:01

Health: -3/66      AC: 11    Str:  5    XL:     12   Next: 25%
Magic:  12/30      EV: 16    Int: 26    God:    Vehumet [****..]
Gold:   721        SH:  0    Dex: 21    Spells: 15/35 levels left

rFire    . . .     SeeInvis .   I - staff of poison
rCold    + . .     Gourm    .   (no shield)
rNeg     . . .     Faith    .   w - +1 animal skin
rPois    +         Spirit   .   z - +0 helmet
rElec    .         Reflect  .   M - +0 cloak
rCorr    .         Harm     .   K - +1 pair of gloves
MR       +....                  (no boots)
Stlth    +++.......             v - amulet "Nenuitou" {rC+ Regen+}
HPRegen  0.61/turn              P - +4 ring of protection
MPRegen  0.22/turn              k - +6 ring of dexterity

@: no status effects
A: no striking features
a: Renounce Religion


You were on level 1 of the Lair of Beasts.
You worshipped Vehumet.
Vehumet was greatly pleased with you.
You were hungry.

You visited 3 branches of the dungeon, and saw 13 of its levels.
You also visited: Ossuary and Gauntlet.

You collected 721 gold pieces.

Inventory:

Hand Weapons
 a - a +3 scimitar of flaming
 E - the +2 war axe of Imminent Death {elec, rElec rC+ Dex+5}
   (You found it on level 4 of the Dungeon)

   Occasionally, upon striking a foe, it will discharge some electrical energy
   and cause terrible harm.
   It affects your dexterity (+5).
   It protects you from cold.
   It insulates you from electricity.
Missiles
 b - 29 poisoned darts
 i - 2 throwing nets (quivered)
 s - 8 curare-tipped darts
Armour
 t - a +0 kite shield
 w - a +1 animal skin (worn)
 z - a +0 helmet (worn)
 K - a +1 pair of gloves (worn)
 M - a +0 cloak (worn)
Magical Staves
 I - an uncursed staff of poison (weapon)
Jewellery
 k - a +6 ring of dexterity (right hand)
 v - the amulet "Nenuitou" (around neck) {rC+ Regen+}
   (You acquired it on level 1 of the Lair of Beasts)

   [amulet of regeneration]

   It protects you from cold.
   It increases your rate of regeneration.
 A - an uncursed ring of wizardry
 P - a +4 ring of protection (left hand)
 S - an uncursed ring of see invisible
Wands
 d - a wand of paralysis (20)
 q - a wand of flame (18)
 L - a wand of random effects (15)
 R - a wand of acid (18)
 V - a wand of polymorph (6)
Scrolls
 h - 4 scrolls of identify
 l - 4 scrolls of blinking
 m - a scroll of enchant weapon
 o - 3 scrolls of magic mapping
 p - 5 scrolls of remove curse
 F - a scroll of vulnerability
 N - a scroll of fear
 T - 2 scrolls of teleportation
 U - a scroll of silence
Potions
 e - 3 potions of berserk rage
 f - 9 potions of curing
 j - 2 potions of resistance
 n - 2 potions of lignification
 u - 2 potions of stabbing
 B - 4 potions of brilliance
 C - 2 potions of ambrosia
 H - 2 potions of might
 J - 2 potions of haste
 Q - 3 potions of heal wounds
Comestibles
 c - 22 rations
 g - a chunk of flesh


   Skills:
 + Level 3.9 Fighting
 + Level 4.6 Long Blades
 + Level 5.3 Dodging
 + Level 5.7 Stealth
 * Level 12.1 Spellcasting
 * Level 10.9 Conjurations
 * Level 8.8 Hexes
 * Level 7.3 Charms
 * Level 8.5 Translocations
 + Level 4.5 Fire Magic
 - Level 2.0 Poison Magic
 - Level 2.0 Evocations


You had 15 spell levels left.
You knew the following spells:

 Your Spells              Type           Power        Failure   Level  Hunger
a - Magic Dart            Conj           ####         1%          1    None
b - Searing Ray           Conj           ######       1%          2    None
c - Fulminant Prism       Conj/Hex       ######....   1%          4    None
d - Iskenderun's Mystic   Conj/Tloc      ######..     1%          4    None
e - Foxfire               Conj/Fire      ####         1%          1    None
f - Iskenderun's Battles  Conj/Chrm      ######..     1%          5    ###....
g - Ignite Poison         Fire/Tmut/Pois #####...     1%          3    None

Your spell library contained the following spells:

 Spells                   Type           Power        Failure   Level  Hunger
 Sticky Flame             Conj/Fire      ######..     1%          4    None
 Apportation              Tloc           ######       1%          1    None
 Corona                   Hex            ######.      1%          1    None
 Song of Slaying          Chrm           ######..     1%          2    None
 Confusing Touch          Hex            ######..     1%          3    None
 Dazzling Flash           Conj/Hex       ######       1%          3    None
 Gell's Gravitas          Tloc           ######....   1%          3    None
 Spectral Weapon          Hex/Chrm       ######..     1%          3    None
 Animate Skeleton         Necr           N/A          3%          1    None
 Beastly Appendage        Tmut           ###...       3%          1    None
 Summon Small Mammal      Summ           ###.         3%          1    None
 Yara's Violent Unravell  Hex/Tmut       #####.....   4%          5    ###....
 Sticks to Snakes         Tmut           ###.....     5%          2    None
 Spider Form              Tmut/Pois      ####......   8%          3    None
 Metabolic Englaciation   Hex/Ice        #####.....   17%         5    ###....
 Ice Form                 Ice/Tmut       ###.....     36%         4    None
 Petrify                  Tmut/Erth      ###.....     36%         4    None
 Blade Hands              Tmut           ###.......   71%         5    ###....


Dungeon Overview and Level Annotations

Branches:
Dungeon (10/15)            Temple (1/1) D:5            Lair (2/6) D:9
Ossuary (visited)         Gauntlet (visited)
  Swamp: Lair:2-4    Shoals: Lair:2-4     Snake: Lair:2-4    Spider: Lair:2-4
    Orc: D:9-12

Altars:
Ashenzari
Cheibriados
Dithmenos
Elyvilon
Fedhas
Gozag
Hepliaklqana
Kikubaaqudgha
Makhleb
Nemelex Xobeh
Okawaru
Qazlal
Ru
Sif Muna
Trog
Uskayaw
Vehumet
Wu Jian
Xom
Yredelemnul
Zin
The Shining One

Shops:
D:5 }   D:9 (   D:10 *

Annotations:
D:8 1 runed translucent door, ghwc's ghost, novice OgBe


Message History

The death yak is almost dead.
The death yak is knocked back by the mystic blast.
The mystic blast hits the death yak!
The death yak is severely wounded.
The death yak is knocked back by the mystic blast.
Casting: Iskenderun's Mystic Blast (safe; 1% risk of failure)
Confirm with . or Enter, or press ? or * to list all spells.
Aiming: Fulminant Prism (safe; 1% risk of failure)
Press: ? - help, Dir - move target cursor You conjure a prism of explosive energy!
A fulminant prism comes into view.
Your fulminant prism crackles loudly.
Your fulminant prism explodes!
The blast of energy engulfs the death yak!!
The death yak is almost dead.
The blast of energy engulfs the death yak!!
You kill the death yak!
Vehumet accepts your kill.
You feel your power returning. The blast of energy engulfs you!!
You die...

.................................
.................................
#....##..###......###.#.#.....###
#....#............##..#.#.....#
#..........#......##...##.....# #
#....#.....#......##...##.....# #
#....#.....#......##...##.....# #
#....#.............+..........# #
#....#.....#....@.#....##.....#
#..........#......###.###.....###
................Y.#######>.......
...........#.....................
.....#.####......................
.................................
.................................
....................[[...........
....####.###.....###'.##.....)...


You could see a death yak.

Vanquished Creatures
  A hydra (Lair:1)
  Erica (D:9)
  3 two-headed ogres (D:10)
  2 death yaks
  A black mamba (Lair:2)
  6 spiny frogs
  3 komodo dragons
  A rime drake (Lair:2)
  2 trolls
  A hippogriff (Lair:2)
  A wraith (Ossuary)
  A wyvern (D:8)
  9 yaks
  A human (D:7)
  4 hogs (D:7)
  A steam dragon (D:7)
  A basilisk (Lair:2)
  2 wargs (D:9)
  2 insubstantial wisps
  6 water moccasins
  A porcupine (Lair:1)
  4 black bears
  6 orc warriors
  A phantom (D:9)
  9 sky beasts
  An ice beast (D:10)
  A necrophage (D:10)
  4 ogres
  3 centaurs
  9 crocodiles
  A big kobold (D:7)
  7 bullfrogs
  A water moccasin zombie (D:8)
  4 scorpions
  17 killer bees
  5 howler monkeys
  3 crimson imps
  A bullfrog zombie (D:5)
  A centaur zombie (D:5)
  2 bullfrog skeletons
  2 jellies
  7 orc priests
  5 hounds
  Jessica (D:7)
  3 iguanas
  3 orc wizards
  6 worker ants
  Natasha (thrice) (D:3)
  A big kobold zombie (Ossuary)
  A hound zombie (D:7)
  A hound skeleton (D:4)
  4 mummies
  Robin (D:3)
  A worker ant zombie (D:9)
  12 adders
  A shadow imp (D:8)
  3 oozes
  An adder zombie (D:8)
  2 worms (D:2)
  5 dart slugs
  4 leopard geckos
  36 orcs
  4 ball pythons
  12 bats
  5 giant cockroaches
  13 goblins
  12 hobgoblins
  15 kobolds
  7 quokkas
  A ball python skeleton (D:4)
  2 frilled lizards (D:3)
  2 goblin zombies (Ossuary)
  3 hobgoblin zombies (Ossuary)
  A jackal skeleton (D:4)
  4 kobold zombies (Ossuary)
  3 orc zombies
  A quokka zombie (D:6)
  10 rats
  A fungus (Lair:2)
329 creatures vanquished.

Vanquished Creatures (others)
  118 foxfires
  102 fulminant prisms
  3 fungi
  5 plants (D:8)
  26 withered plants (Gauntlet)
254 creatures vanquished.

Grand Total: 583 creatures vanquished

Notes
Turn   | Place    | Note
-------+----------+-------------------------------------------
     0 | D:1      | KamiKatze the Deep Elf Conjurer began the quest for the
                  | Orb.
     0 | D:1      | Reached XP level 1. HP: 10/10 MP: 6/6
   258 | D:1      | Reached XP level 2. HP: 16/16 MP: 1/8
   262 | D:1      | Learned a level 2 spell: Searing Ray
   941 | D:1      | Reached XP level 3. HP: 20/20 MP: 8/10
  1256 | D:2      | Reached skill level 4 in Spellcasting
  1424 | D:2      | Reached skill level 5 in Conjurations
  1468 | D:2      | Found a hazy altar of Hepliaklqana.
  1616 | D:2      | Reached skill level 1 in Fighting
  1636 | D:2      | Found a burning altar of Makhleb.
  1636 | D:2      | Found an ornate altar of the Wu Jian Council.
  1883 | D:3      | Found a sacrificial altar of Ru.
  1987 | D:3      | Reached XP level 4. HP: 7/25 MP: 7/12
  2382 | D:3      | Noticed Natasha
  2406 | D:3      | Reached skill level 5 in Spellcasting
  2448 | D:3      | Killed Natasha
  2448 | D:3      | Reached XP level 5. HP: 29/29 MP: 9/14
  2457 | D:3      | Learned a level 4 spell: Fulminant Prism
  2462 | D:3      | Learned a level 4 spell: Iskenderun's Mystic Blast
  2577 | D:3      | Noticed Robin
  2596 | D:3      | Killed Robin
  2607 | D:3      | Noticed Natasha
  2709 | D:3      | Killed Natasha
  2709 | D:3      | Reached skill level 1 in Hexes
  2822 | D:3      | Found a shimmering altar of Xom.
  2823 | D:3      | Noticed an angel
  2824 | D:3      | Found a glowing silver altar of Zin.
  2967 | D:3      | Noticed Natasha
  2970 | D:3      | Killed Natasha
  2970 | D:3      | Reached skill level 1 in Translocations
  3031 | D:4      | Got a bloodstained war axe
  3032 | D:4      | Identified the +2 war axe of Imminent Death {elec, rElec
                  | rC+ Dex+5} (You found it on level 4 of the Dungeon)
  3132 | D:4      | Reached XP level 6. HP: 34/34 MP: 11/16
  3370 | D:4      | Found a blossoming altar of Fedhas.
  4205 | D:5      | Entered Level 5 of the Dungeon
  4215 | D:5      | Noticed a sky beast
  4282 | D:5      | Noticed a sky beast
  4292 | D:5      | Killed a sky beast
  4292 | D:5      | Reached skill level 6 in Spellcasting
  4394 | D:5      | Reached XP level 7. HP: 32/38 MP: 10/18
  4643 | D:5      | You fall into a shaft and drop 2 floors!
  5201 | D:5      | Found a staircase to the Ecumenical Temple.
  5210 | Temple   | Entered the Ecumenical Temple
  5338 | Temple   | Became a worshipper of Vehumet
  5512 | D:5      | Reached skill level 1 in Long Blades
  5539 | D:5      | Found Teit's Gadget Emporium.
  5766 | D:6      | Reached XP level 8. HP: 43/43 MP: 17/20
  5880 | D:6      | Reached skill level 7 in Spellcasting
  6276 | D:6      | Reached skill level 1 in Evocations
  6521 | D:6      | Reached skill level 5 in Hexes
  6682 | D:7      | Noticed Jessica
  6685 | D:7      | Killed Jessica
  6694 | D:7      | Found a shimmering blue altar of Sif Muna.
  6760 | D:7      | Reached skill level 8 in Spellcasting
  6785 | D:6      | HP: 1/43 [insubstantial wisp (8)]
  7091 | D:6      | Reached skill level 5 in Translocations
  7091 | D:6      | Reached XP level 9. HP: 32/47 MP: 11/23
  7191 | D:7      | Reached * piety under Vehumet
  7191 | D:7      | Offered knowledge of Sandblast by Vehumet.
  7470 | D:7      | Reached skill level 9 in Spellcasting
  7913 | D:8      | Found a sand-covered staircase.
  7950 | Ossuary  | Entered an ossuary
  8118 | Ossuary  | Offered knowledge of Foxfire by Vehumet.
  8126 | Ossuary  | Learned a level 1 spell: Foxfire
  8130 | Ossuary  | Reached ** piety under Vehumet
  8155 | Ossuary  | Reached XP level 10. HP: 48/53 MP: 13/25
  8665 | D:8      | Reached skill level 1 in Fire Magic
  8844 | D:8      | Found a runed translucent door.
  8852 | D:8      | Reached skill level 10 in Spellcasting
  8862 | D:8      | Offered knowledge of Ignite Poison by Vehumet.
  8985 | D:8      | Learned a level 3 spell: Ignite Poison
  9017 | D:8      | Noticed ghwc's ghost (novice OgBe)
  9022 | D:8      | Identified the cursed +1 spear "Yrielle" {vorpal, *Corrode
                  | rElec rC+ Str+3}
  9041 | D:8      | Identified a scroll of acquirement
  9042 | D:8      | Acquired the Reference Book on Boosts
  9050 | D:8      | Learned a level 5 spell: Iskenderun's Battlesphere
  9382 | D:8      | Reached *** piety under Vehumet
  9382 | D:8      | Reached skill level 1 in Charms
  9957 | D:9      | Offered knowledge of Stone Arrow by Vehumet.
  9957 | D:9      | Reached skill level 1 in Poison Magic
 10061 | D:9      | Found Umotuboh's Weapon Emporium.
 10165 | D:9      | Found a staircase to the Lair.
 10261 | D:9      | Noticed Erica
 10273 | D:9      | Killed Erica
 10607 | D:8      | Reached XP level 11. HP: 59/59 MP: 25/27
 10676 | D:10     | Entered Level 10 of the Dungeon
 10707 | D:10     | Found Fahewiab's General Store.
 10730 | D:10     | Noticed a two-headed ogre
 10743 | D:10     | Killed a two-headed ogre
 10899 | D:10     | Reached skill level 10 in Conjurations
 10940 | D:10     | Noticed a rakshasa
 10953 | D:10     | Reached skill level 11 in Spellcasting
 10956 | D:10     | Noticed a two-headed ogre
 11101 | D:10     | Reached **** piety under Vehumet
 11101 | D:10     | Reached skill level 5 in Charms
 11140 | D:10     | Noticed a two-headed ogre
 11146 | D:10     | Offered knowledge of Sticky Flame by Vehumet.
 11147 | D:10     | Killed a two-headed ogre
 11292 | D:10     | Killed a two-headed ogre
 11358 | Lair:1   | Entered Level 1 of the Lair of Beasts
 11417 | Lair:1   | Acquired the amulet "Nenuitou" {rC+ Regen+}
 11482 | Lair:1   | Noticed an eight-headed hydra
 11487 | Lair:1   | Killed an eight-headed hydra
 11821 | Lair:1   | Reached skill level 5 in Stealth
 12025 | Lair:1   | You fall into a shaft and drop 1 floor!
 12410 | Lair:2   | Found a gate leading to a gauntlet.
 12419 | Gauntlet | Entered a Gauntlet
 12419 | Gauntlet | Found a transporter.
 12419 | Gauntlet | Found a transporter.
 12423 | Gauntlet | Found a transporter.
 12430 | Gauntlet | Found a transporter.
 12443 | Gauntlet | Noticed a reaper
 12444 | Gauntlet | Found a transporter.
 12458 | Gauntlet | Found a transporter.
 12459 | Gauntlet | Found a transporter.
 12462 | Gauntlet | Noticed a death scarab
 12464 | Gauntlet | Noticed a death scarab
 12471 | Gauntlet | Found a transporter.
 12472 | Gauntlet | Noticed a hell hog
 12472 | Gauntlet | Noticed a fire crab
 12544 | Gauntlet | Found a transporter.
 12561 | Gauntlet | Found a transporter.
 12663 | Gauntlet | Found a transporter.
 12684 | Gauntlet | Found a transporter.
 12702 | Gauntlet | Found a transporter.
 12703 | Gauntlet | Noticed a cacodemon
 12716 | Gauntlet | Found a transporter.
 12719 | Gauntlet | Noticed a wizard
 12859 | Lair:2   | Reached skill level 5 in Dodging
 13173 | Lair:2   | Reached XP level 12. HP: 66/66 MP: 13/29
 13439 | Lair:2   | Reached skill level 12 in Spellcasting
 13444 | Lair:2   | Noticed a death yak
 13496 | Lair:2   | Noticed a death yak
 13496 | Lair:2   | Noticed a death yak
 13807 | Lair:2   | Killed a death yak
 13913 | Lair:1   | Killed a death yak
 13913 | Lair:1   | Killed by an exploding fulminant prism

Illustrated notes

Levels and vault maps discovered:
D:1:      shiori_arrival_elements, layout_basic, chequers_serial_rivers_room_b
D:2:      layout_loops_ring, gammafunk_temple_overflow_wave, old_standard_altar
D:3:      layout_basic, grunt_temple_overflow_order_and_chaos_1,
          nicolae_ru_the_path_less_chosen, first_ration, minmay_pentangle,
          uniq_natasha, uniq_robin
D:4:      layout_loops_corners, lemuel_doored_altar
D:5:      layout_layer_cave, minmay_temple_entry_large_hall, serial_shops, shop
D:6:      layout_basic, corexii_shack
D:7:      layout_cave_pools, tgw_sif, grunt_livestock, hangedman_misty_isle
D:8:      layout_cave_pods, ebering_ghost_funeral_grove,
          nicolae_ossuary_entry_giza
D:9:      layout_roguey, erik_lair_orcish_takeover, serial_shops, shop,
          uniq_erica
D:10:     layout_small_grid, serial_shops, shop_statue
Temple:   jpeg_temple_clearing
Lair:1:   layout_regular_city, nicolae_volcano_entry_hallway
Lair:2:   layout_roguey, gauntlet_entry_generic

Skill      XL: |  1  2  3  4  5  6  7  8  9 10 11 12 |
---------------+-------------------------------------+-----
Spellcasting   | 4 5 6 8 9 10 11 12 | 12.1
Conjurations   | 5 6 7 8 9 10 | 10.9
Fighting       | 1 2 3 |  3.9
Hexes          | 1 2 4 6 7 8 |  8.8
Translocations | 1 2 3 5 6 7 8 |  8.5
Dodging        | 3 4 5 |  5.3
Stealth        | 3 4 5 |  5.7
Long Blades    | 1 2 3 4 |  4.6
Evocations     | 2 |  2.0
Fire Magic     | 2 4 |  4.5
Charms         | 3 6 7 |  7.3
Poison Magic   | 1 2 |  2.0

Action                   |  1- 3 |  4- 6 |  7- 9 | 10-12 || total
-------------------------+-------+-------+-------+-------++-------
Melee: Unarmed           |    10 |       |       |       ||    10
       Spear             |    15 |       |       |       ||    15
       Trident           |       |    37 |       |       ||    37
       Staff             |       |     7 |    41 |    15 ||    63
 Cast: Magic Dart        |    73 |    45 |    52 |    25 ||   195
       Searing Ray       |     2 |    23 |    54 |    44 ||   123
       Iskenderun's Myst |       |       |    10 |    63 ||    73
       Fulminant Prism   |       |       |    12 |    91 ||   103
       Foxfire           |       |       |       |    64 ||    64
  Use: Scroll            |       |       |    19 |    12 ||    31
       Potion            |       |       |     2 |     1 ||     3
 Stab: Sleeping          |     2 |     3 |       |     2 ||     7
  Eat: Chunk             |     3 |     8 |     8 |    11 ||    30
       Ration            |       |       |     1 |     2 ||     3
Armor: Robe              |     3 |     3 |       |       ||     6
       Animal skin       |       |    16 |    20 |    26 ||    62
Dodge: Dodged            |    20 |    38 |    71 |    68 ||   197
